 Dungeon Crawl Stone Soup version 0.17.0-26-gececa24 (webtiles) character file.

11 Raultor the Insei (level 2, 0/18 HPs)
             Began as an Octopode Transmuter on Nov 19, 2015.
             Slain by a kobold
             ... wielding a +1 whip of distortion
              (5 damage)
             ... on level 1 of the Dungeon.
             The game lasted 00:00:46 (304 turns).

Raultor the Insei (Octopode Transmuter)              Turns: 304, Time: 00:00:46

Health: 0/18       AC:  1    Str:  9    XL:     2   Next: 29%
Magic:  5/5        EV: 12    Int: 15    God:
Gold:   39         SH:  0    Dex: 12    Spells: 1 memorised, 4 levels left

rFire  . . .     SeeInvis .       - Unarmed
rCold  . . .     Clarity  .     (no shield)
rNeg   . . .     SustAt   .     (helmet restricted)
rPois  .         Gourm    .     (no amulet)
rElec  .         Spirit   .     (no ring)
rCorr  .         Warding  .     (no ring)
rMut   .         Stasis   .     (no ring)
MR     .....                    (no ring)
Stlth  ++........               (no ring)
                                (no ring)
                                (no ring)
                                (no ring)

@: about to teleport, not resistant to hostile enchantments, unstealthy
A: almost no armour, amphibious, 8 rings, constrict 8, camouflage 1, gelatinous
body 1
a: no special abilities


You were on level 1 of the Dungeon.
You were not hungry.

You visited 1 branch of the dungeon, and saw 1 of its levels.

You collected 39 gold pieces.

Inventory:

Missiles
 a - 12 arrows
Scrolls
 d - 2 scrolls of magic mapping {unknown}
 e - 2 scrolls of noise {unknown}
 g - 4 scrolls of identify {unknown}
 i - a scroll of remove curse {unknown}
Potions
 f - 3 potions of heal wounds {unknown}
 h - a potion of resistance {unknown}
 j - a potion of curing {unknown}
 k - a potion of flight {unknown}
Books
 b - a book of Changes

   Spells                             Type                      Level
   a - Beastly Appendage              Transmutation                1
   b - Sticks to Snakes               Transmutation                2
   c - Spider Form                    Transmutation/Poison         3
   d - Ice Form                       Ice/Transmutation            4
   e - Blade Hands                    Transmutation                5
Comestibles
 c - a bread ration


   Skills:
 - Level 1.0 Fighting
 - Level 2.0 Dodging
 - Level 3.0 Unarmed Combat
 - Level 2.0 Spellcasting
 + Level 2.9 Transmutations


You had 4 spell levels left.
You knew the following spells:

 Your Spells              Type           Power        Failure   Level  Hunger
a - Beastly Appendage     Trmt           ##....       10%         1    #......


Dungeon Overview and Level Annotations

Branches:
Dungeon (1/15)

Altars:


Innate Abilities, Weirdness & Mutations

You cannot wear most types of armour.
You are amphibious.
You can wear up to eight rings at the same time.
You can use your tentacles to constrict eight enemies at once.
Your skin changes colour to match your surroundings (Stealth).
Your rubbery body absorbs attacks (AC +1).


Message History

No target in view!
The kobold shouts!
The kobold is too close now for your liking.
You tentacle-slap the kobold but do no damage.
Your grab misses the kobold.
The kobold hits you with a whip of distortion.
You feel strangely unstable.
You tentacle-slap the kobold. You grab the kobold.
The kobold is moderately wounded.
You constrict the kobold.
The kobold hits you with a whip of distortion.
You blink.
You lose your grip on the kobold.
The kobold closely misses you.
You closely miss the kobold. You grab the kobold.
The kobold is heavily wounded.
You constrict the kobold.
The kobold hits you with a whip of distortion.
* * * LOW HITPOINT WARNING * * *
Space bends around you.
You die...

#........##.....^..#..#.#
###.##....###........#..#.#
#......#.## ##)...[.##....#
#..#####.# #.......#....##
...# #.####.......#..#.# ..##
#..##..###.##.....#
#########......##...(....#
##.........>............##
...####.........@......##
..#####.........K.....##
.................#....#######
.................#..........##
##.#†............#...........#
...).............#.##........#
......##...................(.#
......#......................#
......#.............#........#


You could see a kobold.

Vanquished Creatures
  3 bats (D:1)
  2 goblins (D:1)
  2 hobgoblins (D:1)
  A giant newt (D:1)
  A kobold (D:1)
  2 rats (D:1)
11 creatures vanquished.

Notes
Turn   | Place    | Note
--------------------------------------------------------------
     0 | D:1      | Raultor the Octopode Transmuter began the quest for the Orb.
     0 | D:1      | Reached XP level 1. HP: 13/13 MP: 3/3
   103 | D:1      | Reached XP level 2. HP: 18/18 MP: 5/5
   304 | D:1      | Slain by a kobold

Action                   || total
-------------------------++-------
Melee: Unarmed           ||    22
 Stab: Distracted        ||     1
